[Event "ICC Open 2015"]
[Site "Internet Chess Club"]
[Date "2015.05.30"]
[Round "6"]
[White "eddington"]
[Black "Hareaum"]
[Result "1-0"]
[ICCResult "Black checkmated"]
[WhiteElo "2181"]
[BlackElo "1780"]
[Opening "Scandinavian (center counter) defense"]
[ECO "B01"]
[NIC "VO.17"]
[Time "19:52:14"]
[TimeControl "180+0"]

1. e4 d5 2. Nc3 dxe4 3. Nxe4 Nc6 4. Bb5 Bd7 5. Nc5 b6 6. Nxd7 Qxd7 7. Qf3
Qe6+ 8. Ne2 Kd7 9. O-O a6 10. Nd4 axb5 11. Nxe6 fxe6 12. d4 Nf6 13. Bf4 Nd5
14. c3 g6 15. Rfe1 Bg7 16. Rxe6 Kxe6 17. Qe4+ Ne5 18. Bxe5 Nf6 19. Qc6+ Kf7
20. Qxc7 Nd5 21. Qc6 Nf6 22. Qxb5 Rhd8 23. Qxb6 Nd7 24. Qb3+ e6 25. Bxg7
Kxg7 26. Qxe6 Nf8 27. Qe7+ Kh6 28. g3 Re8 29. Qh4+ Kg7 30. a4 Ne6 31. a5 Nc7
32. Qf4 Ne6 33. Qd6 Rad8 34. Qe5+ Kf7 35. a6 Nf8 36. Qf4+ Kg7 37. a7 Ne6 38.
Qe5+ Kf7 39. b4 Nxd4 40. Qxd4 Rxd4 41. cxd4 Ra8 42. b5 Ke6 43. b6 Kd7 44. b7
Rxa7 45. Rxa7 Kc7 46. d5 Kb8 47. Ra1 Kxb7 48. Rc1 h5 49. d6 Kb6 50. d7 Kb7
51. d8=Q h4 52. Qc7+ Ka6 53. Rb1 hxg3 54. Qb6# {Black checkmated} 1-0

[Event "ICC Open 2015"]
[Site "Internet Chess Club"]
[Date "2015.05.30"]
[Round "6"]
[White "Pikaso"]
[Black "BlackHorse96"]
[Result "0-1"]
[ICCResult "White forfeits on time"]
[WhiteElo "2876"]
[BlackElo "3269"]
[Opening "English opening"]
[ECO "A05"]
[NIC "QP.11"]
[Time "19:51:54"]
[TimeControl "180+0"]

1. Nf3 Nf6 2. c4 c6 3. e3 d5 4. b3 e6 5. Bb2 Nbd7 6. d4 Bd6 7. Nbd2 O-O 8.
Bd3 b6 9. O-O Qc7 10. Ne5 Nxe5 11. dxe5 Bxe5 12. Bxe5 Qxe5 13. Qc2 Bb7 14.
e4 Qh5 15. Rae1 c5 16. cxd5 exd5 17. e5 Ng4 18. Nf3 Rae8 19. Bf5 d4 20. Be4
Ba6 21. h3 Nxe5 22. Nxe5 Rxe5 23. Bxh7+ Kh8 24. Rxe5 Qxe5 25. Bd3 Bb7 26.
Qd1 Qg5 27. f3 Re8 28. Re1 Re3 29. Rxe3 Qxe3+ 30. Kf1 g6 31. Qc2 Kg7 32. a3
a5 33. b4 axb4 34. axb4 cxb4 35. Bc4 Qc3 36. Qe2 Qc1+ 37. Kf2 Qg5 38. Qe8
Bd5 39. Bd3 Be6 40. Qb5 Qxb5 41. Bxb5 Kf6 42. f4 Bd5 43. g4 Be4 44. Bc4 Ke7
45. Ke2 f6 46. h4 Kf8 47. g5 Ke7 48. Kd2 Bf5 49. Bb3 fxg5 50. fxg5 Kd6 51.
Bd1 Ke5 52. h5 gxh5 53. Bxh5 Be6 54. Bd1 Kf5 55. g6 Kxg6 56. Kd3 Kf6 57.
Kxd4 Ke7 58. Kd3 Kd6 59. Kd2 Kc5 60. Kc1 Bc4 61. Kb2 Bb5 62. Bc2 Bc6 63. Bb1
Bd5 64. Ba2 Bxa2 65. Kxa2 Kc4 66. Kb2 b3 67. Kb1 Kc3 68. Kc1 b5 69. Kb1 b2
70. Ka2 Kc2 71. Ka3 b4+ 72. Ka4 b1=Q 73. Kb5 b3 74. Kb6 b2 75. Kc5 Kb3 76.
Kc6 Qc2+ 77. Kb6 b1=Q 78. Ka6 Kb2 79. Kb6 Kc1+ {White forfeits on time} 0-1

[Event "ICC Open 2015"]
[Site "Internet Chess Club"]
[Date "2015.05.30"]
[Round "6"]
[White "N-Chadaev"]
[Black "ibarra"]
[Result "0-1"]
[ICCResult "White forfeits on time"]
[WhiteElo "3250"]
[BlackElo "2758"]
[Opening "Philidor's defense"]
[ECO "C41"]
[NIC "KP.10"]
[Time "19:52:04"]
[TimeControl "180+0"]

1. e4 e5 2. Nf3 d6 3. Nc3 Nf6 4. d4 exd4 5. Nxd4 Be7 6. g3 O-O 7. Bg2 Re8 8.
O-O Bf8 9. Re1 Nbd7 10. h3 a5 11. Kh2 c6 12. Be3 Ne5 13. Qe2 Qc7 14. f4 Ng6
15. Bf2 Bd7 16. Qd2 Rad8 17. Rad1 b5 18. Qd3 b4 19. Nb1 c5 20. Nb5 Qb6 21.
a4 Bc6 22. Nd2 Qb7 23. Re2 h5 24. Rde1 h4 25. Bf3 Rd7 26. c4 bxc3 27. bxc3
Qb8 28. c4 Qd8 29. Kg2 Re6 30. Qc2 Re8 31. Nc3 Nh7 32. Bg4 Rde7 33. Nd5 Rb7
34. Nf3 hxg3 35. Bxg3 Nf6 36. Qc3 Nxd5 37. exd5 Bxa4 38. Rxe8 Bxe8 39. f5
Nh8 40. f6 Ng6 41. Nh4 gxf6 42. Nf5 a4 43. Qe3 Rb2+ 44. Kh1 Bd7 45. h4 Rb3
46. Qf2 a3 47. h5 Ne5 48. Bh3 a2 49. Qg2 Kh8 50. Bxe5 fxe5 51. Rg1 Rxh3+ 52.
Qxh3 Bh6 53. Qg4 Qf8 54. Qf3 a1=Q 55. Rxa1 e4 56. Rg1 exf3
{White forfeits on time}
0-1

[Event "ICC Open 2015"]
[Site "Internet Chess Club"]
[Date "2015.05.30"]
[Round "6"]
[White "haimw"]
[Black "davidfrcc"]
[Result "1-0"]
[ICCResult "Black forfeits on time"]
[WhiteElo "1891"]
[BlackElo "1794"]
[Opening "Old Benoni defense"]
[ECO "A43"]
[NIC "OI.09"]
[Time "19:52:06"]
[TimeControl "180+0"]

1. d4 c5 2. d5 g6 3. c4 Nf6 4. Nc3 Bg7 5. e4 d6 6. f3 O-O 7. Bd3 a6 8. Nge2
Bd7 9. O-O e5 10. dxe6 fxe6 11. Bf4 Bc6 12. Bc2 e5 13. Bg5 h6 14. Bh4 g5 15.
Bf2 Nh5 16. Ng3 Nf4 17. Nf5 Rf6 18. Qd2 b5 19. b3 Bf8 20. Bxc5 bxc4 21. bxc4
Qa5 22. Bf2 Nd7 23. Rfd1 Rb8 24. Nd5 Qxd2 25. Nxf6+ Nxf6 26. Rxd2 Rb2 27.
Rad1 g4 28. Bb3 Rxd2 29. Rxd2 gxf3 30. gxf3 Nh3+ 31. Kg2 Nf4+ 32. Kf1 Ne8
33. c5+ Kh8 34. cxd6 Bd7 35. Bg3 Bxf5 36. Bxf4 Bh3+ 37. Kf2 exf4 38. d7 Bxd7
39. Rxd7 Bc5+ 40. Kg2 Ng7 41. Rd5 Bb4 42. Rd8+ Kh7 43. Bf7 a5 44. e5 Be7 45.
Ra8 Nf5 46. e6 Kg7 47. Rxa5 Kf6 48. Ra4 Ne3+ 49. Kf2 {Black forfeits on
time} 1-0

[Event "ICC Open 2015"]
[Site "Internet Chess Club"]
[Date "2015.05.30"]
[Round "6"]
[White "ghorok"]
[Black "JCarllsen"]
[Result "1-0"]
[ICCResult "Black forfeits on time"]
[WhiteElo "1764"]
[BlackElo "1895"]
[Opening "King's Indian: Andersson variation"]
[ECO "E92"]
[NIC "KI.18"]
[Time "19:52:02"]
[TimeControl "180+0"]

1. d4 Nf6 2. c4 g6 3. Nc3 Bg7 4. e4 d6 5. Nf3 O-O 6. Be2 e5 7. dxe5 dxe5 8.
Qxd8 Rxd8 9. Bg5 Re8 10. Nd5 Nxd5 11. cxd5 c6 12. Bc4 cxd5 13. Bxd5 Nd7 14.
Nd2 Nb6 15. Bb3 a5 16. a3 a4 17. Ba2 Be6 18. Bxe6 Rxe6 19. O-O f6 20. Be3
Rd8 21. Rac1 Bf8 22. Nc4 Nxc4 23. Rxc4 Red6 24. Rc7 R6d7 25. Rc4 b5 26. Rc2
Rd3 27. g3 Rb3 28. Bc1 Rd7 29. Rc8 Kf7 30. Re1 h5 31. Kf1 Be7 32. Rc2 Ke6
33. Be3 Rbd3 34. Ke2 f5 35. exf5+ gxf5 36. Rc6+ Kf7 37. Rh6 h4 38. gxh4 f4
39. Bb6 Rd2+ 40. Kf1 Bf6 41. Rh7+ Kg6 42. Rxd7 Rxd7 43. Re2 f3 44. Re1 Kf5
45. Be3 e4 46. Rc1 Rh7 47. Rc5+ Kg4 48. h5 Rd7 49. Rc1 Rd3 50. Re1 Bh4 51.
Rc1 Rd5 52. Re1 Rxh5 53. Rc1 Kh3 54. Rc5 Rh7 55. Rh5 Rg7 56. Rxh4+
{Black forfeits on time}
1-0

[Event "ICC Open 2015"]
[Site "Internet Chess Club"]
[Date "2015.05.30"]
[Round "6"]
[White "saya"]
[Black "Neurisdr"]
[Result "1-0"]
[ICCResult "Black forfeits on time"]
[WhiteElo "2601"]
[BlackElo "2846"]
[Opening "Nimzo-Indian: e3, Hübner variation"]
[ECO "E40"]
[NIC "NI.14"]
[Time "19:51:56"]
[TimeControl "180+0"]

1. d4 Nf6 2. c4 e6 3. Nc3 Bb4 4. e3 Bxc3+ 5. bxc3 c5 6. Bd3 d6 7. Nf3 Nc6 8.
O-O e5 9. e4 h6 10. d5 Ne7 11. Rb1 O-O 12. Nh4 Ng6 13. Nf5 b6 14. f3 Ne7 15.
g4 Kh7 16. Kh1 Ng6 17. Rg1 Bxf5 18. gxf5 Nf4 19. Bxf4 exf4 20. Qd2 Nh5 21.
Rg4 Qf6 22. Rbg1 Rae8 23. Qe1 Rg8 24. Bc2 Re5 25. Qf1 Qe7 26. Qh3 Nf6 27.
Rxf4 g5 28. fxg6+ fxg6 29. Rh4 Qf8 30. Rf4 g5 31. Rf5 Rg6 32. f4 g4 33. Qh4
Rxf5 34. exf5 Rg7 35. Re1 g3 36. Re6 g2+ 37. Kg1 Rf7 38. Bd3 Qg7 39. Qg3 Qf8
40. Qg6+ Kh8 41. h3 a6 42. a4 a5 43. Bc2 h5 44. Qg5 h4 45. Qxh4+ Nh7 46. f6
Qg8 47. Re7 Qf8 48. Qh5 Rxe7 49. fxe7 Qxe7 50. Qxh7+ Qxh7 51. Bxh7 Kxh7 52.
Kxg2 Kg6 53. Kf3 Kf5 54. h4 b5 55. cxb5 c4 56. h5 Kf6 57. h6 Kg6 58. b6 Kxh6
59. b7 Kg7 60. b8=Q Kf7 61. Qxd6 Ke8 62. Qc5 Kd7 63. Qxc4 Kd6 64. Qc6+ Ke7
65. Qe6+ Kd8 66. Qf7 Kc8 67. d6 Kb8 68. Qc7+ {Black forfeits on time} 1-0

[Event "ICC Open 2015"]
[Site "Internet Chess Club"]
[Date "2015.05.30"]
[Round "6"]
[White "Qualm"]
[Black "daddyo"]
[Result "1-0"]
[ICCResult "Black forfeits on time"]
[WhiteElo "1715"]
[BlackElo "1456"]
[Opening "Robatsch (modern) defense"]
[ECO "B06"]
[NIC "KF.05"]
[Time "19:52:22"]
[TimeControl "180+0"]

1. e4 g6 2. d4 Bg7 3. c4 e6 4. Bh6 Ne7 5. Bxg7 Rg8 6. Bf6 h5 7. Nf3 b6 8. d5
d6 9. Ng5 Qd7 10. Nc3 e5 11. c5 bxc5 12. Bb5 c6 13. dxc6 Nexc6 14. Nd5 a6
15. Ba4 a5 16. O-O Qb7 17. Ne7 Rf8 18. Nd5 Bd7 19. Kh1 Nd4 20. Bxd7+ Nxd7
21. Nf3 Nxf6 22. Nxf6+ Ke7 23. Nxd4 Kxf6 24. Ne2 Rad8 25. Nc3 Kg7 26. b3 Qb4
27. Nd5 Qxe4 28. Re1 Qh4 29. Qd2 f5 30. f4 e4 31. Qc3+ Kh6 32. Qg3 Qxg3 33.
hxg3 Rde8 34. Re3 Re6 35. Rc1 Rb8 36. Rc4 Rb7 37. Kg1 Ra7 38. Nc3 Rb7 39.
Nd5 Ra7 40. Ra4 Rb7 41. Kf2 Ra7 42. Rc3 g5 43. Ke3 h4 44. fxg5+ Kxg5 45.
gxh4+ Kxh4 46. Nf4 Rh6 47. Kf2 Kg5 48. Nd5 Kg6 49. Rg3+ Kf7 50. Rg5 Ke6 51.
Ne3 Kf6 52. Rxf5+ Ke6 53. g4 Rg6 54. Kg3 Rf6 55. Rxf6+ Kxf6 56. Nc4 Kg5 57.
Nxd6 Rd7 58. Nxe4+ Kg6 59. Nxc5 Rc7 60. Rc4 Re7 61. Kf4 Re2 62. Re4 Rf2+ 63.
Ke5 Rc2 64. Ne6 Rd2 65. Ra4 Re2+ 66. Re4 Rc2 67. Kf4 Rxa2 68. Rc4 Rf2+ 69.
Kg3 {Black forfeits on time} 1-0

[Event "ICC Open 2015"]
[Site "Internet Chess Club"]
[Date "2015.05.30"]
[Round "6"]
[White "Gambit101"]
[Black "BlueGreen"]
[Result "1-0"]
[ICCResult "Black forfeits on time"]
[WhiteElo "3012"]
[BlackElo "2552"]
[Opening "Ruy Lopez: closed, anti-Marshall 8.a4"]
[ECO "C88"]
[NIC "RL.18"]
[Time "19:51:38"]
[TimeControl "180+0"]

1. e4 e5 2. Nf3 Nc6 3. Bb5 a6 4. Ba4 Nf6 5. O-O Be7 6. Re1 b5 7. Bb3 O-O 8.
a4 b4 9. d3 d6 10. Nbd2 h6 11. a5 Rb8 12. Bc4 Re8 13. h3 Bf8 14. b3 g6 15.
Bb2 Bg7 16. Nf1 Nh5 17. Ng3 Nf4 18. Ne2 Ne6 19. d4 exd4 20. Nexd4 Ncxd4 21.
Nxd4 Nxd4 22. Bxd4 Bb7 23. Qd3 Qg5 24. Bxg7 Kxg7 25. Bxa6 Bxa6 26. Qxa6 Ra8
27. Qc4 Rxa5 28. Qxb4 Rxa1 29. Rxa1 c5 30. Qc3+ Kh7 31. f3 h5 32. Rd1 Re6
33. Qd2 Qf6 34. Qf2 h4 35. Rd5 Re8 36. Qd2 Qa1+ 37. Qd1 Qc3 38. Rxd6 Ra8 39.
Qe2 Ra1+ 40. Kf2 Ra2 41. Rd2 Qe5 42. Kf1 Qh2 43. Rd1 Qe5 44. Kg1 Qc3 45. Qf2
Rxc2 46. Qxh4+ Kg7 47. Rd8 Qa1+ 48. Kh2 Qe5+ 49. f4 Qh5 50. Qxh5 gxh5 51.
Rd5 Kg6 52. Rg5+ Kh6 53. Rf5 Kg6 54. Rg5+ Kh6 55. e5 Rc3 56. Rf5 Kg6 57.
Rf6+ Kg7 58. Rc6 h4 59. f5 Kf8 60. Rc8+ Ke7 61. Rc7+ Ke8 62. f6 Rc2 63. Re7+
Kf8 64. Rc7 Kg8 65. b4 c4 66. b5 c3 67. b6 Rb2 68. b7 Kh7 69. Rxc3 Rxb7 70.
Rc4 Rb6 71. Rxh4+ Kg6 72. Re4 Kf5 73. Re3 Ke6 74. Rf3 Rb4 75. g4 Re4 76. Kg3
Re1 77. Rf2 Rg1+ 78. Kf4 Rc1 79. Rf3 Rc4+ 80. Kg3 Rc2 81. g5 Rc1 82. h4 Rg1+
83. Kf2 Rh1 84. Rg3 Rxh4 85. Kf3 Rh5 86. g6 Rh1 87. Kg2 Rf1 88. g7 Rg1+ 89.
Kxg1 Kf5 90. Kf1 Ke6 91. g8=Q Kf5 92. Ra3 Ke6 93. Qg6 Kd5 94. Ke1 Ke6 95.
Kd1 Kd5 96. Kc1 fxg6 97. Kb1 {Black forfeits on time} 1-0

[Event "ICC Open 2015"]
[Site "Internet Chess Club"]
[Date "2015.05.30"]
[Round "6"]
[White "marcocoimbra"]
[Black "reydelmambo"]
[Result "0-1"]
[ICCResult "White forfeits on time"]
[WhiteElo "1444"]
[BlackElo "1961"]
[Opening "Bird's opening"]
[ECO "A03"]
[NIC "VO.07"]
[Time "19:51:40"]
[TimeControl "180+0"]

1. f4 d5 2. d4 Nf6 3. e3 c5 4. c3 Nc6 5. a3 Bf5 6. Bd3 Bxd3 7. Qxd3 g6 8.
Nd2 c4 9. Qe2 Bg7 10. Ngf3 O-O 11. O-O Ne8 12. b4 Nd6 13. Bb2 Qd7 14. Ne5
Qc7 15. Qf3 e6 16. a4 f6 17. Nxc6 bxc6 18. e4 f5 19. e5 Ne4 20. Nxe4 fxe4
21. Qf2 g5 22. Qg3 gxf4 23. Rxf4 Kh8 24. Raf1 Rxf4 25. Rxf4 Rf8 26. Qf2 Qe7
27. Rxf8+ Qxf8 28. Qxf8+ Bxf8 29. Bc1 Kg7 30. Kf2 Kg6 31. Be3 Kf5 32. b5
cxb5 33. axb5 Ba3 34. Bd2 h5 35. g3 Be7 36. h3 Bf8 37. Be3 Be7 38. Bd2 Ba3
39. Ke3 Bb2 40. Kf2 Ba3 41. Ke3 Be7 42. Kf2 Bd8 43. Ke3 Bg5+ 44. Ke2 Be7 45.
Ke3 Bg5+ 46. Ke2 Be7 47. Kf2 Ba3 48. Ke3 Be7 49. Kf2 Bd8 50. Ke3 Be7 51. Ke2
Bf8 52. Kd1 Be7 53. Ke2 Bd8 54. Kf1 Be7 55. Kf2 Bg5 56. Ke2 Bd8 57. Kd1 Ba5
58. Kc2 Bb6 59. Kd1 Ba5 60. Ke2 Bb6 61. Kf2 Ba5 62. Kg2 e3 63. Bxe3 Bxc3 64.
Kf2 Ke4 65. Ke2 Bxd4 66. Bxd4 Kxd4 67. g4 Kxe5 68. gxh5 Kf6 69. Ke3 e5 70.
Kd2 d4 71. Ke2 Kg5 72. Kf3 Kxh5 73. Ke4 c3 74. Kd3 Kg5 75. Kc2 Kh4 76. Kd3
Kxh3 77. Kc2 Kg3 78. Kd3 Kf4 79. Ke2 Ke4 80. Kd1 Kd3 81. Kc1 Ke2 82. Kc2 d3+
83. Kxc3 d2 84. Kc4 d1=Q 85. Kc5 Qd4+ 86. Kc6 Qb6+ 87. Kd5 Qxb5+ 88. Ke6 a5
89. Kf5 a4 90. Ke6 a3 91. Kf5 a2 92. Ke6 a1=Q 93. Kf5 Qaa4 94. Ke6 Qd7+ 95.
Kf6 Qad4 96. Kg5 e4 {White forfeits on time} 0-1

[Event "ICC Open 2015"]
[Site "Internet Chess Club"]
[Date "2015.05.30"]
[Round "6"]
[White "slothchess"]
[Black "yaguaro"]
[Result "1-0"]
[ICCResult "Black forfeits on time"]
[WhiteElo "1836"]
[BlackElo "1942"]
[Opening "Alekhine's defense: modern, Schmid variation"]
[ECO "B03"]
[NIC "AL.09"]
[Time "19:51:57"]
[TimeControl "180+0"]

1. e4 Nf6 2. e5 Nd5 3. d4 Nb6 4. Nf3 d6 5. exd6 exd6 6. Bd3 Bg4 7. O-O Be7
8. h3 Bh5 9. c3 O-O 10. Bf4 Nc6 11. Nbd2 Bg6 12. Bxg6 hxg6 13. Re1 Nd5 14.
Bh2 Re8 15. Nc4 Qd7 16. Ne3 Nxe3 17. Rxe3 Bf6 18. Qd3 Rxe3 19. Qxe3 Re8 20.
Qd2 Na5 21. b3 Nc6 22. Re1 a6 23. Kf1 Kf8 24. Rxe8+ Qxe8 25. Qe2 Qd7 26. Qe4
Nd8 27. c4 c6 28. d5 c5 29. Qf4 Be7 30. Nd2 b5 31. Ne4 Nb7 32. Ng5 Qf5 33.
Qxf5 gxf5 34. Nf3 bxc4 35. bxc4 Na5 36. Nd2 Ke8 37. Ke2 Kd7 38. Kd3 Bf6 39.
Nb3 Nxb3 40. axb3 g6 41. f3 Bb2 42. g4 fxg4 43. fxg4 Bf6 44. Ke4 Bh4 45. Kf4
f6 46. Bg3 Bxg3+ 47. Kxg3 g5 48. h4 gxh4+ 49. Kxh4 Ke7 50. Kh5 Kf7 51. Kh6
a5 52. Kh7 f5 53. gxf5 Kf6 54. Kg8 Kxf5 55. Kf7 Ke5 56. Ke7 Kd4 57. Kxd6 a4
58. bxa4 Kxc4 59. Kc6 Kb4 60. d6 c4 61. d7 c3 62. d8=Q c2 63. Qd2+ Kb3 64.
a5 c1=Q+ 65. Qxc1 {Black forfeits on time} 1-0

[Event "ICC Open 2015"]
[Site "Internet Chess Club"]
[Date "2015.05.30"]
[Round "6"]
[White "PJJVenegas"]
[Black "nevidimka"]
[Result "1-0"]
[ICCResult "Black forfeits on time"]
[WhiteElo "2291"]
[BlackElo "1988"]
[Opening "Budapest: Fajarowicz variation"]
[ECO "A51"]
[NIC "QG.01"]
[Time "19:52:11"]
[TimeControl "180+0"]

1. d4 Nf6 2. c4 e5 3. dxe5 Ne4 4. Bf4 Bb4+ 5. Nd2 Nc6 6. Nf3 Qe7 7. e3 Nxd2
8. Nxd2 Nxe5 9. Be2 O-O 10. O-O Bxd2 11. Qxd2 d6 12. Rac1 Re8 13. Rfd1 b6
14. Qd5 Rb8 15. Qb5 a6 16. Qa4 Bb7 17. b4 Ra8 18. c5 dxc5 19. bxc5 b5 20.
Qc2 Bc6 21. Qb2 f6 22. a4 bxa4 23. Rd4 Reb8 24. Qa2+ Qf7 25. Qa1 Bb5 26. Bd1
Qe8 27. Bxa4 Bxa4 28. Rxa4 Nd3 29. Re1 Nxe1 30. Rd4 Qb5 31. Qxe1 Qb1 32. Rd1
Qb4 33. Qe2 Qb5 34. Qa2+ Qb3 35. Qd2 Qb7 36. h4 Qc6 37. Qa2+ Kh8 38. Qa3 a5
39. Rd4 a4 40. h5 h6 41. Kh2 Rb5 42. Qd3 Rxc5 43. Rd7 Rc8 44. Re7 Rxh5+ 45.
Kg3 Re8 46. Qg6 Rg5+ 47. Bxg5 Rxe7 48. Bf4 Re6 49. Qf7 Qe8 50. Qxc7 Re7 51.
Qc4 Qf7 52. Qc3 Kh7 53. Qc8 Qg6+ 54. Qg4 Qh5 55. Qxh5 Rf7 56. Qf5+ Kh8 57.
Qa5 Kg8 58. Qxa4 Kh7 59. Qa8 Kg6 60. Qe4+ Kh5 61. Qf3+ {Black forfeits on
time} 1-0

[Event "ICC Open 2015"]
[Site "Internet Chess Club"]
[Date "2015.05.30"]
[Round "6"]
[White "Garpun"]
[Black "Darnoc"]
[Result "1-0"]
[ICCResult "Black forfeits on time"]
[WhiteElo "2758"]
[BlackElo "2982"]
[Opening "Queen's pawn, Mason variation"]
[ECO "D00"]
[NIC "QP.08"]
[Time "19:51:55"]
[TimeControl "180+0"]

1. d4 d5 2. Bf4 Nf6 3. e3 c5 4. dxc5 e6 5. b4 a5 6. c3 Nc6 7. Bb5 Bd7 8. Nd2
axb4 9. Bxc6 Bxc6 10. cxb4 b6 11. cxb6 Bxb4 12. Bc7 Qe7 13. Qc2 Bxd2+ 14.
Qxd2 O-O 15. Ne2 d4 16. Qxd4 Nd5 17. O-O Ra4 18. Qe5 Qh4 19. Nd4 Bb7 20. Qg3
Qh6 21. Nf3 Qh5 22. h3 f6 23. Rfd1 e5 24. Nh2 Kh8 25. Nf1 Rfa8 26. Rd2 Ne7
27. f3 Nf5 28. Qf2 Nh4 29. e4 Qg5 30. Rad1 h6 31. Rd8+ Kh7 32. Rxa8 Rxa8 33.
Rd2 Ra3 34. Qg3 Qh5 35. Rd7 Ng6 36. Bxe5 Qxe5 37. Qxe5 fxe5 38. Rxb7 Rxa2
39. Ne3 Nf4 40. Re7 Ne2+ 41. Kh2 Nf4 42. b7 Rb2 43. Nc4 Rxg2+ 44. Kh1 Rc2
45. b8=Q Rc1+ 46. Kh2 Rc2+ 47. Kg1 Rc1+ 48. Kf2 Rc2+ 49. Ke1 Rc1+ 50. Kd2
Rg1 51. Qc7 Rg2+ 52. Kc3 Nh5 53. Rxg7+ {Black forfeits on time} 1-0

[Event "ICC Open 2015"]
[Site "Internet Chess Club"]
[Date "2015.05.30"]
[Round "6"]
[White "brizito"]
[Black "Spirals"]
[Result "0-1"]
[ICCResult "White forfeits on time"]
[WhiteElo "1712"]
[BlackElo "2126"]
[Opening "Queen's pawn game"]
[ECO "D04"]
[NIC "QP.08"]
[Time "19:52:07"]
[TimeControl "180+0"]

1. d4 d5 2. Nf3 Nf6 3. e3 g6 4. Bd3 Bg7 5. b3 O-O 6. O-O Nbd7 7. Bb2 b6 8.
Nbd2 Bb7 9. c4 e6 10. b4 c5 11. bxc5 bxc5 12. Qc2 Rc8 13. Rab1 dxc4 14. Bxc4
cxd4 15. Bxd4 Nb6 16. Rfc1 Bxf3 17. Bxb6 axb6 18. Nxf3 Nd5 19. Qb3 Qc7 20.
g3 Nc3 21. Bf1 Qb8 22. Ra1 Qa8 23. Nd4 Bxd4 24. exd4 Qa5 25. a3 Rc7 26. Rc2
Rfc8 27. Rac1 Nd5 28. Rxc7 Rxc7 29. Rxc7 Nxc7 30. a4 Nd5 31. Qb5 Qxb5 32.
axb5 Kf8 33. Kg2 Ke7 34. Kf3 Kd6 35. Ke4 f5+ 36. Kd3 e5 37. Kc4 e4 38. Be2
e3 39. fxe3 Nxe3+ 40. Kd3 Nd5 41. Bf3 Nc7 42. Kc4 Ne6 43. Bc6 Ng5 44. d5 Ne4
45. Be8 Nf6 46. Bf7 g5 47. Be6 f4 48. gxf4 gxf4 49. Bh3 f3 50. Bf1 Nxd5 51.
h3 Ne3+ 52. Kd3 Nxf1 53. Ke4 Nh2 54. Ke3 Kc5 55. Kf2 Kxb5
{White forfeits on time}
0-1

[Event "ICC Open 2015"]
[Site "Internet Chess Club"]
[Date "2015.05.30"]
[Round "6"]
[White "zagor"]
[Black "Ramanip15"]
[Result "0-1"]
[ICCResult "White forfeits on time"]
[WhiteElo "2081"]
[BlackElo "1909"]
[Opening "King's Indian: Four pawns attack, dynamic line"]
[ECO "A56"]
[NIC "BI.38"]
[Time "19:51:56"]
[TimeControl "180+0"]

1. d4 Nf6 2. c4 c5 3. d5 g6 4. Nc3 Bg7 5. e4 d6 6. f4 O-O 7. Nf3 e6 8. Bd3
exd5 9. cxd5 Re8 10. O-O c4 11. Bc2 b5 12. e5 dxe5 13. fxe5 Ng4 14. Bf4 Qb6+
15. Kh1 Nf2+ 16. Rxf2 Qxf2 17. Ne4 Qb6 18. Qd2 Nd7 19. Nd6 Rd8 20. Nxf7 Kxf7
21. e6+ Kg8 22. exd7 Bxd7 23. Rd1 Bxb2 24. Bxg6 c3 25. Bxh7+ Kxh7 26. Ng5+
Kg6 27. Qd3+ Bf5 28. Qg3 c2 29. Ne6+ Kf7 30. Rf1 Rg8 31. Bg5 c1=Q 32. Rxc1
Bxc1 33. Qh4 Bxg5 34. Nxg5+ Rxg5 35. Qxg5 Bg6 36. Qf4+ Qf6 37. Qc1 Re8 38.
h3 Bd3 39. Qd2 Qf1+ 40. Kh2 Re2 41. Qg5 Rxg2+ 42. Qxg2 Qxg2+ 43. Kxg2 Be4+
44. Kg3 Bxd5 45. a3 a5 46. Kf4 b4 47. Ke5 Be6 48. Kd4 bxa3 49. Kc3 a2 50.
Kb2 Kf6 51. h4 Kg6 52. Ka1 Kh5 53. Kb2 Kxh4 54. Ka1 Kg3 55. Kb2 Kf4 56. Ka1
Ke4 57. Kb2 Kd4 58. Ka1 Kc4 59. Kb2 Kb5 60. Ka1 Ka4 61. Kb2 Kb4 62. Ka1 a4
63. Kb2 Ka5 64. Ka1 Kb5 65. Kb2 Kc5 66. Ka1 Kd4 67. Kb2 Bb3 68. Ka1 Kc4 69.
Kb2 Kb5 70. Ka1 Kb4 71. Kb2 Kc5 72. Ka1 Kd4 73. Kb2 Kd3 74. Ka1 Kd2
{White forfeits on time}
0-1

[Event "ICC Open 2015"]
[Site "Internet Chess Club"]
[Date "2015.05.30"]
[Round "6"]
[White "ChillingGuy"]
[Black "MarzipanCat"]
[Result "1/2-1/2"]
[ICCResult "Black ran out of time and White has no material to mate"]
[WhiteElo "2367"]
[BlackElo "2229"]
[Opening "Levitsky attack (Queen's bishop attack)"]
[ECO "D00"]
[NIC "QP.08"]
[Time "19:52:13"]
[TimeControl "180+0"]

1. d4 d5 2. Bg5 h6 3. Bh4 c5 4. dxc5 Nc6 5. e3 g5 6. Bg3 Bg7 7. Nc3 Qa5 8.
Qd2 Bxc3 9. Qxc3 Qxc3+ 10. bxc3 Nf6 11. Rd1 Be6 12. Ne2 Ne4 13. f3 Nxc5 14.
Nd4 Bd7 15. c4 dxc4 16. Bxc4 a6 17. O-O e6 18. Nb3 Nxb3 19. cxb3 O-O-O 20.
f4 f5 21. e4 fxe4 22. Rfe1 gxf4 23. Bxf4 e5 24. Bg3 Bf5 25. Bd5 Ne7 26. Bxe4
Bxe4 27. Rxd8+ Rxd8 28. Rxe4 Nc6 29. Kf2 Rd2+ 30. Re2 Rxe2+ 31. Kxe2 Kc7 32.
Ke3 Kd6 33. Ke4 Ke6 34. Bf2 Nb4 35. g4 Nxa2 36. Be3 Nc3+ 37. Kd3 Nd1 38. Bc5
Kd5 39. b4 a5 40. h3 axb4 41. Bxb4 Nf2+ 42. Ke3 Nxh3 43. Bf8 b5 44. Bxh6 b4
45. g5 Nf4 46. Bf8 Ne6 47. Bxb4 Nxg5 48. Bc3 e4 49. Kf4 Nf3 50. Ke3 Ng1 51.
Bf6 Nh3 52. Bc3 Ng1 53. Bg7 Nf3 54. Bh8 Ne1 55. Bg7 Nc2+ 56. Kd2 Nd4 57. Ke3
Nf5+ 58. Kf4 Nxg7 59. Ke3 Ne6 60. Ke2 Ke5 61. Ke3 Nf4 62. Kf2 Kd4 63. Kg3 e3
64. Kxf4 Kd3 65. Kf3 e2 66. Kf4 Kd2 67. Kf3 e1=Q 68. Kf4 Qe3+ 69. Kf5 Ke2
70. Kf6 Kd3 71. Kf5 Qd4 72. Kg5 Qe4 73. Kf6 Kd4 74. Kg5 Qe5+ 75. Kg4 Qe4+
76. Kg5 Qd5+ 77. Kg4 Ke4 78. Kg3 Qf5 79. Kg2 Qf4 80. Kh3 Ke3 81. Kg2 Qf3+
82. Kh2 Qf5 83. Kg3 Qf4+ 84. Kh3 Qg5 85. Kh2 Kf2 86. Kh3 Qg2+ 87. Kh4 Kf3
88. Kh5 Qg8 89. Kh6 {Black ran out of time and White has no material to
mate} 1/2-1/2

[Event "ICC Open 2015"]
[Site "Internet Chess Club"]
[Date "2015.05.30"]
[Round "6"]
[White "karaivosa"]
[Black "fviana"]
[Result "0-1"]
[ICCResult "White checkmated"]
[WhiteElo "2304"]
[BlackElo "2356"]
[Opening "Sicilian: Smith-Morra gambit"]
[ECO "B21"]
[NIC "SI.48"]
[Time "19:51:56"]
[TimeControl "180+0"]

1. e4 c5 2. d4 Nc6 3. dxc5 Qa5+ 4. Nc3 Qxc5 5. Be3 Qa5 6. Nf3 g6 7. Bc4 Bg7
8. Qd2 Nf6 9. O-O O-O 10. h3 d6 11. Bb3 Re8 12. Rad1 Bd7 13. Bh6 Bh8 14. Ng5
e6 15. Qxd6 Rad8 16. Qf4 Qe5 17. Qh4 Nd4 18. f4 Qc5 19. Kh1 Nxb3 20. axb3
Bc6 21. e5 Nh5 22. Nge4 Rxd1 23. Rxd1 Qb4 24. g4 Bxe4+ 25. Kh2 Ng7 26. Rd8
Bc6 27. Rd3 Qc5 28. f5 Qxe5+ 29. Kg1 exf5 30. Re3 Qd4 31. Qf2 Rxe3 32. Bxe3
Qd7 33. g5 Ne6 34. Bxa7 Nxg5 35. Qg3 Bd4+ 36. Bxd4 Qxd4+ 37. Kf1 Nf3 38. Ne2
Qd1+ 39. Kf2 Qe1+ 40. Ke3 Qxg3 41. Nxg3 Ne5 42. Kd4 f4 43. Nf1 f6 44. c4 f3
45. Ke3 Kf7 46. Nd2 Ke6 47. b4 b6 48. b3 g5 49. b5 Bb7 50. b4 f5 51. c5 f4+
52. Kf2 bxc5 53. bxc5 Kf5 54. c6 Nxc6 55. bxc6 Bxc6 56. Nc4 h5 57. Nd6+ Kg6
58. Nc4 Bd5 59. Ne5+ Kf5 60. Nd7 g4 61. Nc5 g3+ 62. Kg1 f2+ 63. Kf1 Bc4+ 64.
Nd3 Bxd3+ 65. Kg2 f1=Q# {White checkmated} 0-1

[Event "ICC Open 2015"]
[Site "Internet Chess Club"]
[Date "2015.05.30"]
[Round "6"]
[White "paulohaddad"]
[Black "fallingstar100"]
[Result "0-1"]
[ICCResult "White forfeits on time"]
[WhiteElo "1737"]
[BlackElo "1524"]
[Opening "Torre attack (Tartakower variation)"]
[ECO "D03"]
[NIC "QP.08"]
[Time "19:53:03"]
[TimeControl "180+0"]

1. d4 d5 2. Nf3 Nf6 3. Bg5 Bf5 4. e3 Nc6 5. Bd3 Bxd3 6. Qxd3 Ne4 7. Bf4 Nb4
8. Qb5+ Nc6 9. Qxb7 Na5 10. Qxc7 Qxc7 11. Bxc7 Nc4 12. b3 Rc8 13. bxc4 Rxc7
14. c5 Rb7 15. Nbd2 Nc3 16. O-O e6 17. Nb3 Be7 18. Ne5 f6 19. Nc6 Kf7 20.
Nxe7 Kxe7 21. Rfe1 Ra8 22. Na5 Rb5 23. Nc6+ Kd7 24. a4 Rb2 25. Na5 Rxc2 26.
Kf1 Ne4 27. f3 Nd2+ 28. Kg1 Nc4 29. Nxc4 Rxc4 30. Rec1 Rb4 31. a5 Kc6 32.
Rab1 Rab8 33. Ra1 Rb3 34. a6 Rxe3 35. Kf2 Rd3 36. Kg3 Rxd4 37. Ra5 Rc4 38.
h4 Rb5 39. Rxb5 Kxb5 40. Rb1+ Kxa6 41. Rb8 Rxc5 42. Rf8 Rc7 43. Re8 e5 44.
Rd8 d4 45. Kf2 h6 46. Ke2 Kb6 47. Kd3 a5 48. Rb8+ Rb7 49. Ra8 Kb5 50. Rxa5+
Kxa5 51. Ke4 Rb2 52. Kf5 Rxg2 {White forfeits on time} 0-1